 Seeded DCSS version 0.28-a0-1389-gc726bef (webtiles) character file.

Game seed: 3749806054204483717 (custom seed)

240 Illumine the Ruffian (level 5, -2/40 HPs)
             Began as a Draconian Transmuter on Jan 3, 2022.
             Slain by an ice beast (12 damage)
             ... on level 5 of the Dungeon.
             The game lasted 00:08:09 (5102 turns).

Illumine the Ruffian (Draconian Transmuter)         Turns: 5102, Time: 00:08:10

Health: -2/40      AC:  6    Str: 12    XL:     5   Next: 80%
Magic:  8/9        EV: 12    Int: 16    God:
Gold:   219        SH:  0    Dex: 11    Spells: 3/9 levels left

rFire   . . .      SeeInvis .     - Unarmed
rCold   . . .      Faith    .   (no shield)
rNeg    . . .      Spirit   .   (armour unavailable)
rPois   .          Reflect  .   (helmet currently unavailable)
rElec   .          Harm     .   (no cloak)
rCorr   .          Rampage  .   a - +0 pair of gloves
Will    .....                   (boots currently unavailable)
Stlth   +.........              (no amulet)
HPRegen 0.13/turn               (no ring)
MPRegen 0.11/turn               (no ring)

@: mighty, appendages, slowed, very slow
A: horns 2, talons 2, AC +5, unfitting armour, cold-blooded
a: End Transformation


You were on level 5 of the Dungeon.
You had temporarily grown beastly horns and talons.
You visited 1 branch of the dungeon, and saw 5 of its levels.

You collected 219 gold pieces.

Inventory:

Missiles
 c - 2 atropa-tipped darts (quivered)
Armour
 a - a +0 pair of gloves (worn)
Magical Staves
 h - a staff of poison
Scrolls
 d - a scroll of vulnerability {unknown}
 f - a scroll of magic mapping {unknown}
 g - 3 scrolls of amnesia
 j - a scroll of enchant weapon {unknown}
 k - a scroll of immolation {unknown}
 l - a scroll of noise {unknown}
Potions
 e - 3 potions of curing


   Skills:
 - Level 1.1 Fighting
 - Level 1.7 Dodging
 + Level 5.0 Unarmed Combat
 + Level 2.9 Spellcasting
 + Level 3.7 Transmutations
 - Level 1.0 Poison Magic


You had 3 spell levels left.
You knew the following spells:

 Your Spells              Type           Power      Damage    Failure   Level
a - Beastly Appendage     Tmut           28%        N/A       4%          1
b - Wereblood             Tmut           14%        N/A       6%          2
c - Spider Form           Tmut/Pois      9%         N/A       22%         3

Your spell library contained the following spells:

 Spells                   Type           Power      Damage    Failure   Level
 Ice Form                 Ice/Tmut       8%         N/A       65%         4


Dungeon Overview and Level Annotations

Branches:
Dungeon (5/15)
 Temple: D:4-7

Altars:
Yredelemnul
Beogh

Annotations:
D:3 3 runed translucent doors, DispaterIsMyDaddy's ghost, amateur VSAE


Innate Abilities, Weirdness & Mutations

You have temporarily grown beastly horns and talons.
Your plain brown scales are hard. (AC +5)
You cannot fit into any form of body armour.
You are cold-blooded and may be slowed by cold attacks.


Message History

There is a stone staircase leading down here.
As you read the scroll labelled VOACA XUCEIMO, it crumbles to dust.
It is a scroll of identify.
e - 3 potions of curing
As you read the scroll of identify, it crumbles to dust.
i - a potion of might
As you read the scroll of identify, it crumbles to dust.
g - 3 scrolls of amnesia
There is a stone staircase leading down here.
You climb downwards.
The ice beast hits you. The ice beast freezes you!
Found 9 gold pieces.
There is a stone staircase leading up here.
An ice beast is nearby!
You feel very mighty all of a sudden. The ice beast barely misses you.
Casting: Beastly Appendage (safe; 4% risk of failure)
Confirm with . or Enter, or press ? or * to list all spells.
You grow a pair of large bovine horns.
Your feet morph into talons.
The ice beast hits you. The ice beast freezes you!
You hit the ice beast but do no damage. You claw the ice beast.
The ice beast is lightly wounded.
The ice beast barely misses you.
You punch the ice beast!
The ice beast is heavily wounded.
The ice beast hits you. The ice beast freezes you.
You feel yourself slow down.
* * * LOW HITPOINT WARNING * * *
You closely miss the ice beast.
The ice beast is heavily wounded.
The ice beast barely misses you.
You barely miss the ice beast. You claw the ice beast.
The ice beast is heavily wounded.
You feel yourself speed up. The ice beast barely misses you.
You barely miss the ice beast. You claw the ice beast.
Your headbutt misses the ice beast.
Your tail-slap misses the ice beast.
The ice beast is severely wounded.
The ice beast hits you.
* * * LOW HITPOINT WARNING * * *
The ice beast freezes you!
You feel yourself slow down.
You die...

#########
#@Y......
#........
#........
#.$......
########.


You could see an ice beast.

Vanquished Creatures
  A human zombie (D:4)
  A human skeleton (D:4)
  3 gnolls
  8 adders
  2 ufetubi (D:4)
  3 worms
  2 dart slugs
  4 orcs (D:3)
  2 bats (D:2)
  2 endoplasms
  6 giant cockroaches
  A goblin (D:2)
  6 hobgoblins
  2 jackals (D:3)
  A kobold (D:1)
  2 quokkas
  8 ball pythons
  5 frilled lizards
  6 rats
65 creatures vanquished.

Notes
Turn   | Place    | Note
-------+----------+-------------------------------------------
     0 | D:1      | Illumine the Draconian Transmuter began the quest for the
                  | Orb.
     0 | D:1      | Reached XP level 1. HP: 16/16 MP: 3/3
   125 | D:1      | Found a faded altar of an unknown god.
   385 | D:1      | Reached XP level 2. HP: 8/23 MP: 3/5
   589 | D:1      | Learned a level 2 spell: Wereblood
  1378 | D:2      | Reached XP level 3. HP: 27/28 MP: 4/6
  1403 | D:2      | Reached skill level 4 in Unarmed Combat
  1408 | D:2      | Learned a level 3 spell: Spider Form
  1635 | D:2      | Reached XP level 4. HP: 35/35 MP: 5/7
  2786 | D:3      | Reached skill level 1 in Poison Magic
  3278 | D:3      | Found a runed translucent gate.
  3279 | D:3      | Found a runed translucent gate.
  3280 | D:3      | Noticed DispaterIsMyDaddy's ghost (amateur VSAE)
  3281 | D:3      | Found a runed translucent gate.
  3288 | D:3      | Identified the +4 mace "Xoaqiuru" {elec, SInv}
  3903 | D:3      | Reached XP level 5. HP: 37/40 MP: 6/8
  4505 | D:4      | Reached skill level 5 in Unarmed Combat
  4673 | D:4      | Found a runed translucent door.
  4673 | D:4      | Noticed a human
  4676 | D:4      | Found a basalt altar of Yredelemnul.
  5084 | D:5      | Entered Level 5 of the Dungeon
  5095 | D:5      | Noticed an ice beast
  5102 | D:5      | Slain by an ice beast

Illustrated notes

Levels and vault maps discovered:
D:1:      psy_arrival_statuary, layout_basic,
          chequers_ecumenical_altar_simple_redux
D:2:      layout_rooms
D:3:      layout_basic, biasface_ghost_orc_armoury, gup_sewer_entry_spiral,
          kennysheep_minor_cross, minmay_misc_feat_plants,
          chequers_serial_rivers_small_b
D:4:      layout_loops_ring, dk_yredelemnul_ordeal
D:5:      layout_gridville, kennysheep_mini_moat, nicolae_tso_besieged_by_evil,
          serial_shops, shop_statue, wad_rectangle_vault

Skill      XL: |  1  2  3  4  5 |
---------------+----------------+-----
Unarmed Combat | 4 5 |  5.0
Transmutations | 3 |  3.7
Poison Magic   | 1 |  1.0
Fighting       | |  1.1
Dodging        | |  1.7
Spellcasting   | |  2.9

Action                   |  1- 3 |  4- 6 || total
-------------------------+-------+-------++-------
Melee: Unarmed           |    75 |   191 ||   266
       Kick              |    11 |    19 ||    30
       Tailslap          |     5 |    12 ||    17
       Headbutt          |     5 |    10 ||    15
       Punch             |       |     4 ||     4
Throw: Dart              |       |     1 ||     1
 Cast: Beastly Appendage |    14 |    15 ||    29
       Wereblood         |     1 |     2 ||     3
  Use: Scroll            |       |     3 ||     3
       Potion            |       |     1 ||     1
Armor: Skin              |    19 |    53 ||    72
Dodge: Dodged            |    48 |   114 ||   162

Table legend: (Time is in decaauts)
 A = Elapsed time spent in this place.
 B = Non-inter-level travel time spent in this place.
 C = Inter-level travel time spent in this place.
 D = Time resting spent in this place.
 E = Time spent auto-exploring this place.
 F = Levels seen in this place.
 G = Mean time per level.
                   A        B        C        D        E       F      G
               +--------+--------+--------+--------+--------+-----+--------+
         Total |   5126 |   4885 |    241 |   1388 |   2743 |   5 | 1025.2 |
       Dungeon |   5126 |   4885 |    241 |   1388 |   2743 |   5 | 1025.2 |
               +--------+--------+--------+--------+--------+-----+--------+

Top non-repeatable levels by time:
     D:3: 1696 daAuts
     D:2: 1341 daAuts
     D:1: 1155 daAuts
     D:4: 923 daAuts
     D:5: 9 daAuts
